 Dungeon Crawl Stone Soup version 0.26.1-11-gd32895ea62 (webtiles) character file.

Game seed: 11537318143706889903

128 vvl the Sneak (level 5, -1/44 HPs)
             Began as a Naga Hedge Wizard on July 5, 2021.
             Slain by an orc
             ... wielding a +0 flail
              (6 damage)
             ... on level 3 of the Dungeon.
             The game lasted 00:06:26 (3740 turns).

vvl the Sneak (Naga Hedge Wizard)                   Turns: 3740, Time: 00:06:29

Health: -1/44      AC:  4    Str: 13    XL:     5   Next: 11%
Magic:  4/10       EV: 10    Int: 15    God:
Gold:   107        SH:  0    Dex: 10    Spells: 5/10 levels left

rFire    . . .     SeeInvis +   f - +1 whip (freeze)
rCold    . . .     Faith    .   (no shield)
rNeg     . . .     Spirit   .   b - +0 robe
rPois    +         Reflect  .   j - +0 helmet
rElec    .         Harm     .   g - +0 cloak
rCorr    .         Rampage  .   (no gloves)
Will     .....                  (no barding)
Stlth    ++........             (no amulet)
HPRegen  0.14/turn              (no ring)
MPRegen  0.12/turn              (no ring)

@: very slow
A: large, see invisible, deformed body, poison resistance, slowness 2, spit
poison 1, AC +1
a: Spit Poison


You were on level 3 of the Dungeon.
You visited 1 branch of the dungeon, and saw 3 of its levels.

You collected 107 gold pieces.

Inventory:

Hand Weapons
 a - a +0 dagger
 f - a +1 whip of freezing (weapon)
Armour
 b - a +0 robe (worn)
 g - a +0 cloak (worn)
 j - a +0 helmet (worn)
 l - a +2 kite shield of protection
Scrolls
 d - 5 scrolls of identify {unknown}
 i - a scroll of fog {unknown}
Potions
 c - 2 potions of brilliance {unknown}
 e - a potion of curing {unknown}
 h - a potion of ambrosia {unknown}
 k - a potion of berserk rage {unknown}


   Skills:
 + Level 1.4 Fighting
 + Level 2.0 Dodging
 + Level 3.8 Stealth
 * Level 0.4 Shields
 + Level 1.3 Unarmed Combat
 + Level 3.3 Spellcasting
 + Level 1.9 Conjurations
 - Level 1.0 Summonings
 + Level 1.9 Translocations


You had 5 spell levels left.
You knew the following spells:

 Your Spells              Type           Power        Failure   Level
a - Magic Dart            Conj           32%          9%          1
b - Blink                 Tloc           N/A          13%         2
c - Call Imp              Summ           5%           19%         2

Your spell library contained the following spells:

 Spells                   Type           Power        Failure   Level
 Slow                     Hex            2%           28%         2
 Conjure Flame            Conj/Fire      5%           36%         3
 Mephitic Cloud           Conj/Pois/Air  4%           41%         3


Dungeon Overview and Level Annotations

Branches:
Dungeon (3/15)

Altars:


Innate Abilities, Weirdness & Mutations

You cannot wear boots.
Your serpentine skin is tough. (AC +1)
You have supernaturally acute eyesight. (SInv)
Armour fits poorly on your strangely shaped body.
Your system is resistant to poisons. (rPois)
You cover ground very slowly.
You can spit poison.


Message History

You hit the orc but do no damage. The orc hits you with a +0 club.
You hit the orc but do no damage. The orc hits you with a +0 club.
You closely miss the orc. The orc barely misses you.
You barely miss the orc. The orc hits you but does no damage.
You hit the orc. You freeze the orc.
You kill the orc!
You barely miss the orc. The orc hits you but does no damage.
The orc priest looks braver for a moment.
You closely miss the orc. The orc hits you but does no damage.
The orc priest looks encouraged for a moment.
You closely miss the orc. The orc closely misses you.
You closely miss the orc. The orc barely misses you.
You closely miss the orc. The orc barely misses you.
You hit the orc. You freeze the orc.
The orc is heavily wounded.
The orc priest mumbles some strange prayers to Beogh against you.
Beogh smites you!
* * * LOW HITPOINT WARNING * * *
The orc hits you with a +0 flail.
You die...

###
#########.################
..........................
########..#####...#######.
# #.#.........#
########.######...#
.........# ##@## .
#####(#### #o####....
#####.# #o))o†..o. ......#
#######... .####.# .# #.#
.## #.# ..# ..###.# #.##
......# ### #########.##.


You could see an orc priest and an orc.

Vanquished Creatures
  An orc wizard (D:3)
  An adder (D:2)
  An ooze (D:2)
  A worm (D:2)
  2 leopard geckos (D:1)
  13 orcs
  3 giant cockroaches
  5 hobgoblins
  7 jackals (D:1)
  A ball python (D:2)
  8 bats
  2 frilled lizards
  8 goblins
  8 kobolds
  7 rats
68 creatures vanquished.

Notes
Turn   | Place    | Note
-------+----------+-------------------------------------------
     0 | D:1      | vvl the Naga Hedge Wizard began the quest for the Orb.
     0 | D:1      | Reached XP level 1. HP: 15/15 MP: 4/4
   342 | D:1      | Reached XP level 2. HP: 21/24 MP: 0/6
   775 | D:1      | Reached XP level 3. HP: 19/30 MP: 3/7
  1186 | D:1      | Reached skill level 1 in Fighting
  1577 | D:2      | Reached skill level 1 in Unarmed Combat
  1894 | D:2      | Reached XP level 4. HP: 27/38 MP: 1/8
  2577 | D:3      | Learned a level 2 spell: Blink
  2580 | D:3      | Learned a level 2 spell: Call Imp
  3715 | D:3      | Reached XP level 5. HP: 24/44 MP: 0/10
  3740 | D:3      | Slain by an orc

Illustrated notes

Levels and vault maps discovered:
D:1:      mrwooster_arrival_statue_3, layout_rooms
D:2:      layout_rooms, chequers_arboretum
D:3:      layout_loops_ring, kennysheep_generic_room_13

Skill      XL: |  1  2  3  4 |
---------------+-------------+-----
Fighting       | 1 |  1.4
Unarmed Combat | 1 |  1.3
Dodging        | 2 |  2.0
Stealth        | |  3.8
Shields        | |  0.4
Spellcasting   | |  3.3
Conjurations   | |  1.9
Summonings     | |  1.0
Translocations | |  1.9

Action                   |  1- 3 |  4- 6 || total
-------------------------+-------+-------++-------
Melee: Dagger            |    22 |       ||    22
       Whip              |    71 |    89 ||   160
       Punch             |     1 |       ||     1
 Cast: Magic Dart        |    58 |    29 ||    87
       Blink             |       |     1 ||     1
 Abil: Spit Poison       |       |     1 ||     1
 Stab: Sleeping          |     2 |     1 ||     3
Armor: Robe              |    38 |    34 ||    72
Dodge: Dodged            |    67 |    55 ||   122
